 Dungeon Crawl Stone Soup version 0.27.1-35-g4d5d836560 (console) character file.

Game seed: 2283037153963451671

37 grimtooth the Chiller (level 3, -2/19 HPs)
             Began as a Gargoyle Ice Elementalist on Aug 20, 2022.
             Slain by Terence (12 damage)
             ... on level 2 of the Dungeon.
             The game lasted 00:03:48 (1164 turns).

grimtooth the Chiller (Gargoyle Ice Elementalist)   Turns: 1164, Time: 00:03:48

Health: -2/19      AC:  5    Str: 11    XL:     3   Next: 41%
Magic:  3/7        EV: 11    Int: 16    God:
Gold:   25         SH:  0    Dex: 10    Spells: 6/7 levels left

rFire    . . .     SeeInvis +   h - +0 dagger (drain)
rCold    . . .     Faith    .   (no shield)
rNeg     + . .     Spirit   .   a - +0 robe
rPois    ∞         Reflect  .   (no helmet)
rElec    +         Harm     .   (no cloak)
rCorr    .         Rampage  .   (no gloves)
Will     .....                  (no boots)
Stlth    ++........             (no amulet)
HPRegen  0.06/turn              c - ring of see invisible
MPRegen  0.10/turn              (no ring)

@: no status effects
A: sickness immunity, AC +3, negative energy resistance 1, electricity
resistance, torment resistance 1, petrification resistance
a: no special abilities


You were on level 2 of the Dungeon.
You visited 1 branch of the dungeon, and saw 2 of its levels.

You collected 25 gold pieces.

Inventory:

Hand Weapons
 g - a +0 dagger
 h - a +0 dagger of draining (weapon)
Missiles
 e - 19 stones (quivered)
 i - 4 curare-tipped darts
Armour
 a - a +0 robe (worn)
Jewellery
 c - a ring of see invisible (left hand)
Scrolls
 b - a scroll of enchant armour {unknown}
 d - 2 scrolls of identify {unknown}
Potions
 f - a potion of haste
 j - a potion of lignification {unknown}
 k - 2 potions of flight {unknown}


   Skills:
 - Level 1.5 Dodging
 - Level 2.1 Stealth
 + Level 2.8 Spellcasting
 + Level 4.6 Ice Magic


You had 6 spell levels left.
You knew the following spells:

 Your Spells              Type           Power      Damage    Failure   Level
a - Freeze                Ice            68%        1d8       3%          1

Your spell library contained the following spells:

 Spells                   Type           Power      Damage    Failure   Level
 Frozen Ramparts          Ice            34%        1d5       9%          3
 Ozocubu's Armour         Ice            17%        N/A       9%          3
 Hailstorm                Conj/Ice       9%         3d4       58%         4


Dungeon Overview and Level Annotations

Branches:
Dungeon (2/15)

Altars:

Annotations:
D:2 Terence


Innate Abilities, Weirdness & Mutations

You are immune to sickness and miasma.
Your stone body is resilient. (AC +3)
You are immune to poison.
You resist negative energy. (rN+)
You are resistant to electric shocks. (rElec)
You are resistant to unholy torment.
You are immune to petrification.


Message History

Terence shouts!
An adder comes into view.
Terence drinks a potion.
Terence seems to speed up.
Casting: Freeze (safe; 3% risk of failure)
Confirm with . or Enter, or press ? or * to list all spells.
Aiming: Freeze (safe; 3% risk of failure)
Press: ? - help, Shift-Dir - straight line, f - Terence
Aim: Terence, wielding a +0 flail and wearing a +0 scale mail (fast)
You freeze Terence.
Terence is moderately wounded.
Terence hits you with a +0 flail.
Okay, then.
Terence closely misses you.
Casting: Freeze (safe; 3% risk of failure)
Confirm with . or Enter, or press ? or * to list all spells.
Aiming: Freeze (safe; 3% risk of failure)
Press: ? - help, Shift-Dir - straight line, f/p - Terence
Aim: Terence, wielding a +0 flail and wearing a +0 scale mail (moderately wounded, fast)
You freeze Terence.
Terence is moderately wounded.
Terence hits you but does no damage.
Casting: Freeze (safe; 3% risk of failure)
Confirm with . or Enter, or press ? or * to list all spells.
Aiming: Freeze (safe; 3% risk of failure)
Press: ? - help, Shift-Dir - straight line, f/p - Terence
Aim: Terence, wielding a +0 flail and wearing a +0 scale mail (moderately wounded, fast)
You freeze Terence.
Terence is severely wounded.
Terence hits you with a +0 flail. Terence barely misses you.
Casting: Freeze (safe; 3% risk of failure)
Confirm with . or Enter, or press ? or * to list all spells.
Aiming: Freeze (safe; 3% risk of failure)
Press: ? - help, Shift-Dir - straight line, f/p - Terence
Aim: Terence, wielding a +0 flail and wearing a +0 scale mail (severely wounded, fast)
You freeze Terence.
Terence is severely wounded.
Terence closely misses you. The adder barely misses you.
Terence hits you with a +0 flail!
Ouch! That really hurt!
You die...

...........## #. .............
... ............###.# #
...............
#.##...........#### #
#.)...............#### .#
..##...........##....# .##
#.##.............# ....
#.###.......@###.## ##.....
#.##.†......S@##..###...#
#.##...........#......#
.####.##)............S...##
..................#.(........
#..##.##..........#..##....>#
##.#..###........##>###.###...
......####......###.....# ##.#
##.....# #####... ....... #
##..#.############.#####
#..#..............##


You could see Terence (fast) and an adder.

Vanquished Creatures
  An adder (D:2)
  2 ball pythons (D:1)
  2 endoplasms
  4 hobgoblins
  3 bats
  2 frilled lizards
  9 goblins
  3 rats (D:1)
26 creatures vanquished.

Notes
Turn   | Place    | Note
-------+----------+-------------------------------------------
     0 | D:1      | grimtooth the Gargoyle Ice Elementalist began the quest for
                  | the Orb.
     0 | D:1      | Reached XP level 1. HP: 10/10 MP: 3/3
   385 | D:1      | Reached XP level 2. HP: 12/15 MP: 0/5
   523 | D:1      | You fall into a shaft and drop 1 floor!
   702 | D:1      | Reached XP level 3. HP: 18/19 MP: 2/6
  1151 | D:2      | Noticed Terence
  1164 | D:2      | Slain by Terence

Illustrated notes

Levels and vault maps discovered:
D:1:      amcnicky_arrival_underground_garden, layout_loops_ring
D:2:      layout_rooms, shapermc_ecumenical_altar_mp_vishouse, uniq_terence

Action                   || total
-------------------------++-------
Melee: Dagger            ||     4
       Unarmed           ||     2
 Cast: Freeze            ||    42
 Stab: Sleeping          ||     2
Armor: Robe              ||    16
Dodge: Dodged            ||    31
